 Dungeon Crawl Stone Soup version 0.20.0-10-g0535bb4 (webtiles) character file.

8786 Jannitor the Fighter (level 11, -1/73 HPs)
             Began as a Gargoyle Gladiator on June 6, 2017.
             Was an Initiate of Gozag.
             Hit by a large rock thrown by a stone giant (35 damage)
             ... in a volcano.
             The game lasted 00:24:01 (10043 turns).

Jannitor the Fighter (Gargoyle Gladiator)          Turns: 10043, Time: 00:24:02

Health: -1/73      AC: 27    Str: 27    XL:     11   Next: 36%
Magic:  13/13      EV: 14    Int:  8    God:    Gozag
Gold:   628        SH:  0    Dex: 18    Spells: 10/10 levels left

rFire    + + .     SeeInvis .   p - +2 lajatang (flame)
rCold    . . .     Gourm    .   (shield currently unavailable)
rNeg     + . .     Faith    .   v - +2 plate armour {rF+}
rPois    ∞         Spirit   .   c - +0 helmet
rElec    +         Reflect  .   N - +0 cloak
rCorr    .         Harm     .   (no gloves)
MR       .....                  (no boots)
Stlth    ..........             G - amulet of regeneration
Regen    1.1/turn               H - ring of protection from fire
MPRegen  0.2/turn               j - ring of stealth

@: mighty, agile, gold aura
A: agile 1, negative energy resistance 1, regeneration 1, electricity
resistance, unbreathing, petrification resistance, rot immunity, MP-powered
wands, AC +7
a: Potion Petition, Call Merchant, Bribe Branch, Renounce Religion


You were in a volcano.
You worshipped Gozag.
Gozag was pleased with you.
You were not hungry.

You visited 3 branches of the dungeon, and saw 12 of its levels.
You also visited: Sewer and Volcano.

You collected 1693 gold pieces.
You spent 996 gold pieces at shops.
You paid 69 gold pieces to Gozag.

Inventory:

Hand Weapons
 p - a +2 lajatang of flaming (weapon)
 q - a +0 lajatang of flaming
Missiles
 d - a throwing net (quivered)
Armour
 b - a +0 leather armour
 c - a +0 helmet (worn)
 g - a +0 ring mail
 h - a +2 shield
 v - a +2 plate armour of fire resistance (worn)
 N - a +0 cloak (worn)
Jewellery
 j - a ring of stealth (right hand)
 G - an amulet of regeneration (around neck)
 H - a ring of protection from fire (left hand)
Wands
 y - a wand of flame (35/48)
 A - a wand of random effects (19/48)
 E - a wand of acid (1/15)
 I - a wand of enslavement (7/24)
 L - a wand of polymorph (1/24)
 Q - a wand of paralysis (4/24)
 R - a wand of clouds (2/9)
Scrolls
 e - 6 scrolls of teleportation
 f - a scroll of enchant weapon
 i - 7 scrolls of identify
 u - 3 scrolls of remove curse
 w - 2 scrolls of recharging {unknown}
 z - a scroll of enchant armour {unknown}
 B - 2 scrolls of noise {unknown}
 F - 2 scrolls of fog {unknown}
 K - 2 scrolls of amnesia
Potions
 k - 2 potions of flight
 l - 5 potions of curing
 r - a potion of agility
 s - a potion of cancellation
 J - a potion of brilliance
 O - a potion of mutation
Books
 t - a book of Maledictions

   Spells                             Type                      Level
   a - Corona                         Hexes                        1
   b - Ensorcelled Hibernation        Hexes/Ice                    2
   c - Confuse                        Hexes                        3
   d - Tukima's Dance                 Hexes                        3
   e - Dazzling Spray                 Conjuration/Hexes            3
 x - a book of Callings

   Spells                             Type                      Level
   a - Summon Small Mammal            Summoning                    1
   b - Call Imp                       Summoning                    2
   c - Call Canine Familiar           Summoning                    3
   d - Summon Guardian Golem          Hexes/Summoning              3
   e - Summon Lightning Spire         Summoning/Air                4
   f - Summon Ice Beast               Ice/Summoning                4
 P - a book of Flames

   Spells                             Type                      Level
   a - Flame Tongue                   Conjuration/Fire             1
   b - Throw Flame                    Conjuration/Fire             2
   c - Conjure Flame                  Conjuration/Fire             3
   d - Inner Flame                    Hexes/Fire                   3
   e - Sticky Flame                   Conjuration/Fire             4
   f - Fireball                       Conjuration/Fire             5
Comestibles
 m - 4 meat rations
 n - 6 fruits
 o - 8 royal jellies
 C - 2 bread rations


   Skills:
 + Level 10.8 Fighting
 + Level 10.3 Staves
 - Level 1.7 Throwing
 + Level 10.3 Armour
 - Level 2.4 Dodging
 + Level 3.8 Evocations


You had 10 spell levels left.
You didn't know any spells.

Dungeon Overview and Level Annotations

Branches:
Dungeon (10/15)            Temple (1/1) D:4            Lair (1/6) D:9
    Orc: D:9-12

Altars:
Ashenzari
Cheibriados
Dithmenos
Elyvilon
Fedhas
Gozag
Hepliaklqana
Kikubaaqudgha
Makhleb
Nemelex Xobeh
Okawaru
Qazlal
Ru
Sif Muna
Trog
Uskayaw
Vehumet
Xom
Yredelemnul
Zin
The Shining One

Shops:
D:4 *   D:8 =   D:10 %

Annotations:
D:3 Jannitor's ghost, amateur GrGl
D:8 exclusion: downstairs


Innate Abilities, Weirdness & Mutations

You are resistant to torment.
Your stone body is resilient. (AC +7)
You are immune to poison.
You resist negative energy. (rN+)
You are resistant to electric shocks. (rElec)
You can survive without breathing.
You are immune to petrification.
You are immune to rotting.
You are agile. (Dex +2)
Your natural rate of healing is unusually fast.
You expend magic power (3 MP) to strengthen your wands.


Message History

Purchase which effect?
You feel much better.
You feel better.
You feel very mighty all of a sudden.
You feel agile all of a sudden. The fire elemental hits you.
The stone giant is engulfed in blazing flames.
The stone giant throws a large rock.
The large rock hits you!! The fire elemental closely misses you.
The fire elemental is distracted by the nearby gold.
The fire elemental is no longer distracted by gold.
The fire elemental hits you. The fire elemental burns you! You resist.
You slice the fire elemental!!
You destroy the fire elemental!
The stone giant throws a large rock.
The large rock completely misses you.
You hear a sizzling splash.
It was a potion of agility.
You feel more agile all of a sudden.
Unknown command.
The stone giant throws a large rock.
The large rock hits you!!
You die...
Your body crumbles into a pile of gold.

#.......≈≈≈§≈§§§.§.......##
##.....§≈≈≈§≈§§§§§....####
#....≈≈≈≈≈≈≈≈§§≈§§....#
##....§≈≈≈≈≈§§§§§§...##
#....≈≈§§§≈§≈§§≈≈...##
#..§.§≈≈≈≈≈§§§§≈...##
####....≈§§§§≈≈...##
##.#.............#
##.##....##..##.@.##
≈.##############$..# ≈..#
##§### §..# #.C# ..##
#.#.≈§# ∩..# #.!.∩$§§#
≈..## #[.$)≈≈≈# §≈..#
##?[!≈≈## §≈≈## #.≈≈§≈#


You could see a stone giant.

Vanquished Creatures
  Erica (D:8)
  2 two-headed ogres (D:9)
  A gargoyle (Volcano)
  A hornet (D:8)
  2 trolls (D:9)
  A hippogriff (D:9)
  A vampire (D:9)
  7 yaks
  3 hungry ghosts
  A fire elemental (Volcano)
  A water moccasin (Lair:1)
  4 porcupines
  2 sky beasts
  4 ogres
  A necrophage (D:8)
  4 centaurs
  4 crocodiles (D:9)
  2 big kobolds (D:7)
  6 bullfrogs
  3 earth elementals (Volcano)
  A scorpion (D:6)
  5 killer bees (D:9)
  5 wights (D:8)
  A howler monkey (D:4)
  4 crimson imps
  3 hounds
  A bullfrog zombie (D:5)
  2 orc priests (D:7)
  3 jellies
  A bullfrog skeleton (D:4)
  A gnoll shaman (D:6)
  5 iguanas
  5 orc wizards
  6 worker ants
  A hound zombie (D:6)
  A hound skeleton (D:8)
  7 gnolls
  A howler monkey skeleton (D:9)
  A river rat (D:4)
  11 adders
  3 shadow imps
  2 oozes
  3 adder skeletons
  A dart slug (D:2)
  7 leopard geckos
  22 orcs
  7 giant cockroaches
  3 goblins (D:2)
  4 hobgoblins
  7 jackals
  5 quokkas
  A ball python (Sewer)
  A ball python skeleton (D:4)
  5 bats
  7 frilled lizards
  A giant cockroach zombie (D:5)
  23 kobolds
  2 quokka skeletons (D:4)
  4 rats
  A plant (Sewer)
225 creatures vanquished.

Vanquished Creatures (others)
  An efreet (Volcano)
  5 dream sheep (D:4)
  A fungus (D:9)
  14 plants (D:9)
21 creatures vanquished.

Grand Total: 246 creatures vanquished

Notes
Turn   | Place    | Note
-------+----------+-------------------------------------------
     0 | D:1      | Jannitor the Gargoyle Gladiator began the quest for the Orb.
     0 | D:1      | Reached XP level 1. HP: 12/12 MP: 1/1
   185 | D:1      | Reached XP level 2. HP: 18/18 MP: 2/2
   843 | D:1      | Reached skill level 1 in Armour
   843 | D:1      | Reached XP level 3. HP: 16/22 MP: 3/3
  1466 | D:2      | Reached XP level 4. HP: 28/28 MP: 4/4
  2242 | D:3      | Noticed Jannitor's ghost (amateur GrGl)
  2243 | D:3      | Gained mutation: You expend magic power (3 MP) to strengthen your wands. [potion of mutation]
  2243 | D:3      | Gained mutation: You are agile. (Dex +2) [potion of mutation]
  2243 | D:3      | Gained mutation: Your natural rate of healing is unusually fast. [potion of mutation]
  2492 | D:4      | Noticed an ogre
  2511 | D:4      | Killed an ogre
  2511 | D:4      | Reached XP level 5. HP: 33/33 MP: 5/5
  2580 | D:4      | Reached XP level 6. HP: 36/38 MP: 6/6
  2626 | D:4      | Found a glowing drain.
  2638 | Sewer    | Entered a sewer
  3282 | D:4      | Reached skill level 5 in Staves
  3459 | D:4      | Found a staircase to the Ecumenical Temple.
  3493 | Temple   | Entered the Ecumenical Temple
  3609 | Temple   | Became a worshipper of Gozag Ym Sagoz the Greedy
  3730 | D:4      | Found a white marble altar of Elyvilon.
  3822 | D:4      | Found a shimmering altar of Xom.
  3822 | D:4      | Noticed a dream sheep
  3822 | D:4      | Noticed a dream sheep
  3822 | D:4      | Noticed a dream sheep
  3822 | D:4      | Noticed a dream sheep
  3822 | D:4      | Noticed a dream sheep
  3826 | D:4      | Killed a dream sheep
  3826 | D:4      | Killed a dream sheep
  3826 | D:4      | Killed a dream sheep
  3828 | D:4      | Killed a dream sheep
  3828 | D:4      | Killed a dream sheep
  3934 | D:4      | Found Niegucao's General Store.
  3944 | D:4      | Bought a bread ration for 50 gold pieces
  4075 | D:4      | Reached XP level 7. HP: 44/44 MP: 7/7
  4216 | D:5      | Entered Level 5 of the Dungeon
  4460 | D:5      | Reached skill level 5 in Fighting
  5165 | D:6      | Reached skill level 5 in Armour
  5385 | D:6      | Reached XP level 8. HP: 51/51 MP: 8/8
  5412 | D:6      | Found an iron altar of Okawaru.
  5413 | D:6      | Found a bloodstained altar of Trog.
  5413 | D:6      | Found a hide-covered altar of Uskayaw.
  5414 | D:6      | Found a blossoming altar of Fedhas.
  6719 | D:7      | Reached XP level 9. HP: 57/57 MP: 9/9
  7053 | D:8      | Noticed Erica
  7217 | D:8      | Killed Erica
  7413 | D:8      | Found Baegryuh's Jewellery Shoppe.
  7420 | D:8      | Bought an uncursed amulet of regeneration for 330 gold pieces
  7420 | D:8      | Bought an uncursed ring of protection from fire for 275 gold pieces
  7627 | D:8      | Reached XP level 10. HP: 59/65 MP: 10/10
  7737 | D:8      | Noticed Maurice
  7742 | D:8      | Noticed Maurice
  7742 | D:8      | Maurice changed into Maurice the hornet
  7750 | D:8      | Killed Maurice the hornet
  8434 | D:9      | Noticed a two-headed ogre
  8444 | D:9      | Killed a two-headed ogre
  8636 | D:9      | Reached skill level 1 in Evocations
  8652 | D:9      | Reached skill level 10 in Fighting
  8671 | D:9      | Found a staircase to the Lair.
  9324 | D:9      | Reached XP level 11. HP: 73/73 MP: 6/13
  9407 | D:9      | Noticed a two-headed ogre
  9418 | D:9      | Killed a two-headed ogre
  9418 | D:9      | Reached skill level 10 in Staves
  9418 | D:9      | Reached skill level 10 in Armour
  9614 | D:10     | Entered Level 10 of the Dungeon
  9656 | D:10     | Found Foacepeo's Food Shop.
  9662 | D:10     | Bought a meat ration for 55 gold pieces
  9662 | D:10     | Bought a meat ration for 55 gold pieces
  9662 | D:10     | Bought a bread ration for 55 gold pieces
  9662 | D:10     | Bought a bread ration for 55 gold pieces
  9662 | D:10     | Bought a bread ration for 55 gold pieces
  9663 | D:10     | Bought a royal jelly for 22 gold pieces
  9663 | D:10     | Bought a royal jelly for 22 gold pieces
  9663 | D:10     | Bought a royal jelly for 22 gold pieces
  9734 | Lair:1   | Entered Level 1 of the Lair of Beasts
  9798 | Lair:1   | Found a dark tunnel.
  9805 | Volcano  | Entered a volcano
 10036 | Volcano  | Noticed a stone giant
 10043 | Volcano  | Hit by a large rock thrown by a stone giant

Skill      XL: |  1  2  3  4  5  6  7  8  9 10 11 |
---------------+----------------------------------+-----
Armour         | 1 3 4 5 6 8 9 10 | 10.3
Fighting       | 3 4 5 7 8 10 | 10.8
Staves         | 4 5 6 7 8 9 10 | 10.3
Evocations     | 2 3 |  3.8
Throwing       | |  1.7
Dodging        | |  2.4

Action                   |  1- 3 |  4- 6 |  7- 9 | 10-12 || total
-------------------------+-------+-------+-------+-------++-------
Melee: Quarterstaff      |    65 |   273 |   405 |   385 ||  1128
       Lajatang          |       |       |       |     5 ||     5
Throw: Throwing net      |       |     1 |     2 |     2 ||     5
Invok: Potion Petition   |       |       |       |     1 ||     1
Evoke: Wand              |       |       |     7 |    10 ||    17
  Use: Scroll            |       |     6 |       |     3 ||     9
       Potion            |       |     3 |     5 |     6 ||    14
 Stab: Sleeping          |     1 |       |       |     2 ||     3
       Held in net/web   |       |     4 |     1 |       ||     5
       Distracted        |       |       |     2 |     1 ||     3
       Paralysed         |       |       |     3 |    15 ||    18
  Eat: Chunk             |     1 |     8 |       |       ||     9
       Bread ration      |       |       |     4 |     1 ||     5
       Meat ration       |       |       |     1 |     1 ||     2
Armor: Leather armour    |     5 |       |       |       ||     5
       Ring mail         |    15 |   127 |   130 |   172 ||   444
       Plate armour      |       |       |       |     6 ||     6
Dodge: Dodged            |    47 |   160 |   216 |   192 ||   615
